 Dungeon Crawl Stone Soup version 0.28-a0-233-gb8ca4b6547 (webtiles) character file.

Game seed: 5686322415805826827

112 jisko22 the Bolt Thrower (level 4, 0/41 HPs)
             Began as a Gnoll Wanderer on Aug 22, 2021.
             Slain by an ogre (27 damage)
             ... on level 3 of the Dungeon.
             The game lasted 00:04:22 (3904 turns).

jisko22 the Bolt Thrower (Gnoll Wanderer)           Turns: 3904, Time: 00:04:22

Health: 0/41       AC:  6    Str: 12    XL:     4   Next: 95%
Magic:  5/5        EV:  8    Int: 12    God:
Gold:   181        SH:  8    Dex: 11    Spells: 5/5 levels left

rFire   . . .      SeeInvis .   a - +0 hand axe
rCold   . . .      Faith    .   b - +0 kite shield
rNeg    . . .      Spirit   .   c - +0 ring mail
rPois   .          Reflect  .   (no helmet)
rElec   .          Harm     .   (no cloak)
rCorr   .          Rampage  .   (no gloves)
Will    .....                   (no boots)
Stlth   +.........              (no amulet)
HPRegen 0.13/turn               (no ring)
MPRegen 0.09/turn               (no ring)

@: no status effects
A: fangs 1, strong nose, distributed training
a: no special abilities


You were on level 3 of the Dungeon.
You visited 1 branch of the dungeon, and saw 4 of its levels.

You collected 181 gold pieces.

Inventory:

Hand Weapons
 a - a +0 hand axe (weapon)
Missiles
 f - 59 bolts
Armour
 b - a +0 kite shield (worn)
 c - a +0 ring mail (worn)
Jewellery
 j - a ring of see invisible
Scrolls
 h - a scroll of fog
 l - a scroll of enchant armour {unknown}
Potions
 d - 3 potions of lignification {unknown}
 e - 4 potions of heal wounds {unknown}
 g - a potion of brilliance {unknown}
 i - a potion of degeneration {unknown}


   Skills:
 + Level 6.6 Fighting
 + Level 1.2 Short Blades
 + Level 1.2 Long Blades
 + Level 1.2 Axes
 + Level 1.2 Maces & Flails
 + Level 1.2 Polearms
 + Level 1.2 Staves
 + Level 1.2 Slings
 + Level 1.2 Bows
 + Level 6.6 Crossbows
 + Level 1.2 Throwing
 + Level 4.7 Armour
 + Level 1.2 Dodging
 + Level 1.2 Stealth
 + Level 4.7 Shields
 + Level 1.2 Unarmed Combat
 + Level 1.2 Spellcasting
 + Level 1.0 Conjurations
 + Level 1.0 Hexes
 + Level 1.0 Summonings
 + Level 1.0 Necromancy
 + Level 1.0 Translocations
 + Level 1.0 Transmutations
 + Level 1.0 Fire Magic
 + Level 1.0 Ice Magic
 + Level 1.0 Air Magic
 + Level 1.0 Earth Magic
 + Level 1.0 Poison Magic
 + Level 1.4 Invocations
 + Level 1.2 Evocations


You had 5 spell levels left.
You didn't know any spells.
Your spell library contained the following spells:

 Spells                   Type           Power      Damage    Failure   Level
 Animate Skeleton         Necr           6%         N/A       83%         1
 Pain                     Necr           12%        1d4       83%         1
 Stone Arrow              Conj/Erth      6%         3d7       99%         3
 Vampiric Draining        Necr           1%         2d6       99%         3
 Bolt of Magma            Conj/Fire/Erth 1%         4d4       100%        5
 Shatter                  Erth           1%         3d6*      100%        9


Dungeon Overview and Level Annotations

Branches:
Dungeon (4/15)
 Temple: D:4-7

Altars:
Xom


Innate Abilities, Weirdness & Mutations

You have very sharp teeth.
Your uncanny sense of smell can sniff out nearby items.
Your experience applies equally to all skills.


Message History

The hound is heavily wounded.
The hound bites you but does no damage. You block the hound's attack.
You hit the hound. You bite the hound.
The hound is almost dead.
The hound bites you. The hound closely misses you.
You closely miss the hound.
The hound is almost dead.
The hound bites you. You block the hound's attack.
The hound bites you but does no damage.
You hit the hound.
You kill the hound!
Your Conjurations skill increases to level 1!
Your Hexes skill increases to level 1!
Your Summonings skill increases to level 1!
Your Necromancy skill increases to level 1!
Your Translocations skill increases to level 1!
Your Transmutations skill increases to level 1!
Your Fire Magic skill increases to level 1!
Your Ice Magic skill increases to level 1!
Your Air Magic skill increases to level 1!
Your Earth Magic skill increases to level 1!
Your Poison Magic skill increases to level 1!
You see here a +0 short sword.
There is a stone staircase leading down here.
You start resting.
HP restored.
You start waiting.
Done waiting.
You can't go up here!
You climb downwards.
The ogre hits you with a +0 giant club.
There is a stone staircase leading up here.
The ogre hits you with a +0 giant club!
You climb upwards.
There is a stone staircase leading down here.
As you read the scroll labelled ATSEMO HEELL, it crumbles to dust.
It is a scroll of amnesia.
You feel forgetful for a moment.
The ogre hits you with a +0 giant club!!
Ouch! That really hurt!
You die...

#....#..#.# ####...##.#
##### #).###.#######....
#.###..##......###
##.###.#...######..
##..##....######<..#
#...##...........###
#...#.......######
#.)@..#.###.#
####..O....# #.#
#.......#..# #.##
#.##....#..# #..# #
#.##....##.# ##.# #####
#.##.......####.###....
##.##...##.........#.###
#..##...##..####.#....##
#.....................##


You could see an ogre.

Vanquished Creatures
  A hound (D:3)
  A gnoll (D:1)
  3 adders
  An orc (D:3)
  2 ball pythons
  2 endoplasms (D:1)
  4 giant cockroaches (D:1)
  3 goblins
  6 hobgoblins
  3 jackals (D:1)
  2 quokkas
  3 bats (D:2)
  8 kobolds
  8 rats
  A spectral goblin (D:1)
48 creatures vanquished.

Vanquished Creatures (others)
  2 orcs (D:4)
2 creatures vanquished.

Grand Total: 50 creatures vanquished

Notes
Turn   | Place    | Note
-------+----------+-------------------------------------------
     0 | D:1      | jisko22 the Gnoll Wanderer began the quest for the Orb.
     0 | D:1      | jisko22 set off with the following items: a +0 hand axe, a
                  | +0 kite shield, a +0 ring mail
     0 | D:1      | Reached XP level 1. HP: 23/23 MP: 1/1
   132 | D:1      | Reached XP level 2. HP: 27/29 MP: 2/2
   386 | D:1      | Found a faded altar of an unknown god.
   516 | D:1      | Reached XP level 3. HP: 6/35 MP: 3/3
  1602 | D:2      | Reached skill level 1 in Invocations
  1647 | D:2      | Found a shimmering altar of Xom.
  1808 | D:2      | Reached skill level 1 in Short Blades
  1808 | D:2      | Reached skill level 1 in Long Blades
  1808 | D:2      | Reached skill level 1 in Axes
  1808 | D:2      | Reached skill level 1 in Maces & Flails
  1808 | D:2      | Reached skill level 1 in Polearms
  1808 | D:2      | Reached skill level 1 in Staves
  1808 | D:2      | Reached skill level 1 in Slings
  1808 | D:2      | Reached skill level 1 in Bows
  1808 | D:2      | Reached skill level 1 in Throwing
  1808 | D:2      | Reached skill level 1 in Dodging
  1808 | D:2      | Reached skill level 1 in Stealth
  1808 | D:2      | Reached skill level 1 in Unarmed Combat
  1808 | D:2      | Reached skill level 1 in Spellcasting
  1808 | D:2      | Reached skill level 1 in Evocations
  2623 | D:3      | Reached XP level 4. HP: 39/41 MP: 5/5
  3666 | D:4      | Noticed an ogre
  3697 | D:3      | Reached skill level 1 in Conjurations
  3697 | D:3      | Reached skill level 1 in Hexes
  3697 | D:3      | Reached skill level 1 in Summonings
  3697 | D:3      | Reached skill level 1 in Necromancy
  3697 | D:3      | Reached skill level 1 in Translocations
  3697 | D:3      | Reached skill level 1 in Transmutations
  3697 | D:3      | Reached skill level 1 in Fire Magic
  3697 | D:3      | Reached skill level 1 in Ice Magic
  3697 | D:3      | Reached skill level 1 in Air Magic
  3697 | D:3      | Reached skill level 1 in Earth Magic
  3697 | D:3      | Reached skill level 1 in Poison Magic
  3904 | D:3      | Slain by an ogre

Illustrated notes

Levels and vault maps discovered:
D:1:      grunt_arrival_crossed_arrows, layout_basic,
          dreamdust_ecumenical_altar_drowned_temple, minmay_misc_feat_room
D:2:      layout_rooms, basic_altar, nrook_loot_triangle
D:3:      layout_rooms
D:4:      layout_gridville, xom_confusion_cloud, mainiacjoe_overflow_boulevard,
          overflow_temple_1_default, uniq_blork_the_orc

Skill      XL: |  1  2  3  4 |
---------------+-------------+-----
Invocations    | 1 |  1.4
Short Blades   | 1 |  1.2
Long Blades    | 1 |  1.2
Axes           | 1 |  1.2
Maces & Flails | 1 |  1.2
Polearms       | 1 |  1.2
Staves         | 1 |  1.2
Slings         | 1 |  1.2
Bows           | 1 |  1.2
Throwing       | 1 |  1.2
Dodging        | 1 |  1.2
Stealth        | 1 |  1.2
Unarmed Combat | 1 |  1.2
Spellcasting   | 1 |  1.2
Evocations     | 1 |  1.2
Conjurations   | 1 |  1.0
Hexes          | 1 |  1.0
Summonings     | 1 |  1.0
Necromancy     | 1 |  1.0
Translocations | 1 |  1.0
Transmutations | 1 |  1.0
Fire Magic     | 1 |  1.0
Ice Magic      | 1 |  1.0
Air Magic      | 1 |  1.0
Earth Magic    | 1 |  1.0
Poison Magic   | 1 |  1.0
Fighting       | |  6.6
Crossbows      | |  6.6
Armour         | |  4.7
Shields        | |  4.7

Action                   |  1- 3 |  4- 6 || total
-------------------------+-------+-------++-------
Melee: Hand axe          |   160 |    48 ||   208
       Bite              |    15 |     3 ||    18
  Use: Scroll            |     1 |     1 ||     2
Armor: Ring mail         |    69 |    26 ||    95
Dodge: Dodged            |    63 |    26 ||    89
Block: Kite shield       |    85 |    21 ||   106

Table legend: (Time is in decaauts)
 A = Elapsed time spent in this place.
 B = Non-inter-level travel time spent in this place.
 C = Inter-level travel time spent in this place.
 D = Time resting spent in this place.
 E = Time spent auto-exploring this place.
 F = Levels seen in this place.
 G = Mean time per level.
                   A        B        C        D        E       F      G
               +--------+--------+--------+--------+--------+-----+--------+
         Total |   4008 |   3949 |     59 |   1363 |   1994 |   4 | 1002.0 |
       Dungeon |   4008 |   3949 |     59 |   1363 |   1994 |   4 | 1002.0 |
               +--------+--------+--------+--------+--------+-----+--------+

Top non-repeatable levels by time:
     D:1: 1588 daAuts
     D:3: 1279 daAuts
     D:2: 1088 daAuts
     D:4: 51 daAuts
